 Dungeon Crawl Stone Soup version 0.23.2-40-g277498a001 (webtiles) character file.

Game seed: 756772652435808475

27859 Emblim88 the Unseen (level 13, -2/55 HPs)
             Began as a Spriggan Conjurer on Sept 25, 2019.
             Was a High Priest of Dithmenos.
             Killed by divine providence
             ... invoked by an orc priest
             ... led by an orc warlord
              (14 damage)
             ... on level 1 of the Orcish Mines on Sept 27, 2019.
             The game lasted 03:18:20 (34533 turns).

Emblim88 the Unseen (Spriggan Conjurer)            Turns: 34533, Time: 03:18:21

Health: -2/55      AC: 12    Str:  4    XL:     13   Next: 6%
Magic:  6/26       EV: 41    Int: 21    God:    Dithmenos [*****.]
Gold:   1137       SH:  0    Dex: 17    Spells: 2/29 levels left

rFire    + + .     SeeInvis +   F - staff of conjuration
rCold    + . .     Gourm    .   (shield currently unavailable)
rNeg     . . .     Faith    .   L - +2 robe {rC+ rF+}
rPois    .         Spirit   .   O - +2 hat
rElec    .         Reflect  .   k - +1 cloak
rCorr    .         Harm     .   (gloves unavailable)
MR       ++...                  (boots unavailable)
Stlth    +++++++++.             n - amulet of the acrobat
HPRegen  0.18/turn              q - ring of protection from fire
MPRegen  0.20/turn              y - +4 ring of protection

@: acrobat, wreathed by umbra, very quick
A: very small, unfitting armour, see invisible, herbivore, speed 3, slow
metabolism 2
a: Shadow Step, Shadow Form, Renounce Religion


You were on level 1 of the Orcish Mines.
You worshipped Dithmenos.
Dithmenos was extremely pleased with you.
You were not hungry.

You visited 3 branches of the dungeon, and saw 20 of its levels.

You collected 1337 gold pieces.
You spent 200 gold pieces at shops.

Inventory:

Hand Weapons
 b - a +2 dagger of speed
 p - a +0 blowgun
 S - a +3 falchion of holy wrath
Missiles
 f - 51 poisoned needles
 m - 5 needles of confusion
 I - 6 curare-tipped needles
 W - 8 needles of sleeping
Armour
 k - a +1 cloak (worn)
 L - a +2 robe of resistance (worn)
 O - a +2 hat (worn)
 Y - +0 steam dragon scales
Magical Staves
 C - an uncursed staff of summoning
 F - an uncursed staff of conjuration (weapon)
Jewellery
 n - an amulet of the acrobat (around neck)
 q - a ring of protection from fire (left hand)
 u - an uncursed ring of protection from fire
 y - a +4 ring of protection (right hand)
 A - an uncursed amulet of regeneration
Wands
 t - a wand of iceblast (1)
 v - a wand of flame (2)
 J - a wand of random effects (15)
Scrolls
 a - a scroll of silence
 e - 6 scrolls of identify
 g - a scroll of magic mapping
 h - 15 scrolls of remove curse
 j - 3 scrolls of amnesia
 l - 6 scrolls of teleportation
 s - 3 scrolls of fear
 x - 2 scrolls of blinking
 G - 2 scrolls of noise
 K - a scroll of holy word
 N - 5 scrolls of vulnerability
 P - a scroll of random uselessness
 Q - 2 scrolls of enchant armour
 U - 2 scrolls of fog
Potions
 d - 3 potions of brilliance
 i - 11 potions of curing
 o - a potion of resistance
 r - a potion of invisibility
 w - 2 potions of ambrosia
 z - 6 potions of mutation
 B - 4 potions of lignification
 D - a potion of haste
 E - 4 potions of might
 M - 2 potions of cancellation
 R - 3 potions of heal wounds
 T - a potion of agility
 V - a potion of berserk rage
Comestibles
 c - 7 rations


   Skills:
 + Level 4.0 Throwing
 + Level 10.3 Dodging
 * Level 15.2 Stealth
 + Level 8.9 Spellcasting
 * Level 8.4 Conjurations
 + Level 8.1 Hexes
 * Level 9.0 Translocations
 * Level 7.7 Invocations
 + Level 8.2 Evocations


You had 2 spell levels left.
You knew the following spells:

 Your Spells              Type           Power        Failure   Level  Hunger
a - Magic Dart            Conj           ####         1%          1    None
b - Searing Ray           Conj           ######       1%          2    None
c - Dazzling Spray        Conj/Hex       ######       1%          3    None
d - Iskenderun's Mystic   Conj           ######..     2%          4    ###....
e - Fulminant Prism       Conj/Hex       ######....   2%          4    ###....
f - Force Lance           Conj/Tloc      ######..     1%          4    ###....
g - Slow                  Hex            #####...     1%          2    None
h - Blink                 Tloc           N/A          1%          2    None
i - Ensorcelled Hibernat  Hex/Ice        ####..       1%          2    None
j - Confuse               Hex            #####...     1%          3    None

Your spell library contained the following spells:

 Spells                   Type           Power        Failure   Level  Hunger
 Corona                   Hex            #####..      1%          1    None
 Call Imp                 Summ           #.......     11%         2    None
 Gell's Gravitas          Tloc           #####.....   1%          3    None
 Portal Projectile        Hex/Tloc       #####.       1%          3    None
 Tukima's Dance           Hex            #####...     1%          3    None
 Conjure Flame            Conj/Fire      #####...     3%          3    None
 Mephitic Cloud           Conj/Pois/Air  ####....     7%          3    None
 Dispersal                Tloc           #####.....   28%         6    ######.
 Iskenderun's Battlesphe  Conj/Chrm      #####...     34%         5    #####..
 Venom Bolt               Conj/Pois      #####.....   34%         5    #####..
 Bolt of Magma            Conj/Fire/Erth ####......   54%         5    #####..
 Iron Shot                Conj/Erth      #####.....   89%         6    ######.
 Orb of Destruction       Conj           ######....   89%         7    #######
 Spellforged Servitor     Conj/Summ      #####.....   100%        7    #######
 Controlled Blink         Tloc           N/A          100%        8    #######
 Disjunction              Tloc           #####.....   100%        8    #######


Dungeon Overview and Level Annotations

Branches:
Dungeon (12/15)            Temple (0/1) D:7            Lair (6/6) D:8
  Swamp (0/4) Lair:3       Spider (0/4) Lair:4          Orc (2/2) D:11
    Elf (0/3) Orc:2
  Slime: Lair:5-6

Altars:
Ashenzari
Dithmenos
Makhleb
Ru

Shops:
D:6 **%%(   D:8 !   D:10 (   D:11 (

Annotations:
D:12 Snorg
Lair:1 Nergalle


Innate Abilities, Weirdness & Mutations

You are very small and have problems with some larger weapons.
You are too small for most types of armour.
You have supernaturally acute eyesight. (SInv)
You are a herbivore.
You cover ground extremely quickly.
You need to consume almost no food.


Message History

You see here a tomahawk.
The ogre completely misses you.
The orc warlord roars a battlecry!
Found 25 gold pieces.
An orc priest comes into view.
The orc warlord roars a battlecry!
The orc warrior hits you with a +0 scimitar!!
* * * LOW HITPOINT WARNING * * *
You emit a cloud of dark smoke.
Unknown command.
You feel better. The orc priest misses you. The orc completely misses you.
An orc comes into view.
The orc priest completely misses you. The orc misses you.
The orc priest completely misses you.
The orc priest hits you but does no damage.
The orc priest calls upon Beogh to heal something.
Found 13 gold pieces.
The orc priest invokes the aid of Beogh against you.
Beogh smites you!
You die...

.#.##### ######.#..^..##
..## ##.#
##.#.#.........# .##
#.... #$.............#
##
#$#..##..#..)........#
##............(..##
##....##..$...o.#.##
#.....#..§§....oo..## #
##.......§§§.o.OO.#.#.##
#......@.§o§§Too#.....$#
....#....§o§oo§h.T.....#
#......#.§o§§oO##.#.....
##......§o§§§§#........
#......§.§##o......##.#
##..##.§.# ##.##..## ##
### ##### #######


You could see an orc warrior, 2 orc priests and an orc.

Vanquished Creatures
  Gastronok (Lair:1)
  A stone giant (D:11)
  3 hydras
  A death yak (Lair:4)
  Pikel (D:8)
  A manticore (D:12)
  An orc knight (D:11)
  4 ugly things
  An orc sorcerer (Orc:2)
  2 black mambas
  A gargoyle (D:9)
  4 spiny frogs
  A komodo dragon (Lair:1)
  A freezing wraith (D:12)
  2 kobold demonologists (D:11)
  A rime drake (Lair:4)
  A troll (D:9)
  A tyrant leech (Lair:3)
  A polar bear (Lair:3)
  A hornet (D:10)
  15 blink frogs
  5 hippogriffs
  Sigmund (D:5)
  A shadow (D:11)
  A wraith (D:10)
  A redback (Lair:4)
  2 vampires
  26 yaks
  A basilisk (Lair:3)
  3 wyverns
  4 hungry ghosts
  A steam dragon (Lair:4)
  3 wargs (Orc:2)
  An acid dragon (D:12)
  9 water moccasins
  A soldier ant (D:12)
  6 porcupines
  3 ice beasts
  A sky beast (D:10)
  4 black bears
  7 orc warriors
  2 necrophages
  3 slaves (D:8)
  12 wolves
  2 centaurs
  7 ogres
  8 crocodiles
  4 big kobolds
  Blork the orc (D:5)
  2 gnoll sergeants
  15 bullfrogs
  A water moccasin zombie (D:8)
  2 scorpions
  6 killer bees (D:10)
  A jelly (D:10)
  A howler monkey (D:6)
  12 crimson imps
  2 centaur zombies
  A bullfrog zombie (D:11)
  9 hounds
  4 orc priests
  A bullfrog skeleton (D:9)
  3 centaur skeletons
  5 iguanas
  13 orc wizards
  9 worker ants
  A hound zombie (D:5)
  12 adders
  11 gnolls
  3 shadow imps
  3 oozes
  An adder zombie (D:5)
  2 dart slugs
  6 leopard geckos
  58 orcs
  A ball python (D:3)
  7 bats
  4 giant cockroaches (D:3)
  4 hobgoblins
  9 jackals
  23 kobolds
  4 quokkas
  5 frilled lizards
  5 goblins
  A jackal zombie (D:8)
  A leopard gecko zombie (D:5)
  3 rats
416 creatures vanquished.

Vanquished Creatures (others)
  A centaur (D:8)
  An orc wizard (D:6)
  3 orcs
  52 fulminant prisms
  7 fungi
  2 plants
66 creatures vanquished.

Grand Total: 482 creatures vanquished

Notes
Turn   | Place    | Note
-------+----------+-------------------------------------------
     0 | D:1      | Emblim88 the Spriggan Conjurer began the quest for the Orb.
     0 | D:1      | Reached XP level 1. HP: 9/9 MP: 5/5
   413 | D:1      | Reached XP level 2. HP: 7/13 MP: 0/6
   417 | D:1      | Learned a level 2 spell: Searing Ray
  1331 | D:2      | Reached skill level 4 in Stealth
  1331 | D:2      | Reached XP level 3. HP: 15/16 MP: 0/8
  1336 | D:2      | Learned a level 3 spell: Dazzling Spray
  1690 | D:2      | Reached XP level 4. HP: 21/21 MP: 0/9
  2155 | D:3      | Reached skill level 5 in Stealth
  2283 | D:3      | Found a shadowy altar of Dithmenos.
  2333 | D:3      | Became a worshipper of Dithmenos the Shadowed
  2790 | D:3      | Noticed a centaur
  3377 | D:4      | Noticed an ogre
  3541 | D:3      | Reached XP level 5. HP: 24/24 MP: 0/11
  3717 | D:4      | Reached skill level 1 in Hexes
  3835 | D:4      | Killed an ogre
  3835 | D:4      | Reached skill level 6 in Stealth
  3835 | D:4      | Reached XP level 6. HP: 5/28 MP: 4/12
  4259 | D:4      | Noticed an ice beast
  4316 | D:4      | Killed an ice beast
  5144 | D:4      | Reached skill level 7 in Stealth
  5220 | D:4      | Reached * piety under Dithmenos
  5220 | D:4      | Reached XP level 7. HP: 21/32 MP: 1/14
  5470 | D:4      | Reached skill level 5 in Dodging
  5644 | D:4      | Found a sacrificial altar of Ru.
  5755 | D:5      | Entered Level 5 of the Dungeon
  6084 | D:5      | Noticed Sigmund
  6272 | D:5      | Killed Sigmund
  6272 | D:5      | Reached skill level 8 in Stealth
  6272 | D:5      | Reached skill level 1 in Evocations
  6483 | D:5      | Noticed Blork the orc
  7116 | D:5      | Reached skill level 1 in Invocations
  7191 | D:5      | Killed Blork the orc
  7406 | D:5      | Reached XP level 8. HP: 36/36 MP: 7/16
  7690 | D:5      | Found Zoarroo's Weapon Boutique.
  7923 | D:5      | Reached ** piety under Dithmenos
  7965 | D:5      | Reached skill level 5 in Spellcasting
  8318 | D:6      | Learned a level 4 spell: Iskenderun's Mystic Blast
  8323 | D:6      | Learned a level 4 spell: Fulminant Prism
  8350 | D:6      | Found Lysh's Food Boutique.
  8352 | D:6      | Found Wioc's Weapon Boutique.
  9197 | D:6      | Found a shattered altar of Ashenzari.
  9237 | D:6      | Reached skill level 5 in Conjurations
  9644 | D:6      | Reached skill level 9 in Stealth
  9972 | D:6      | Found Poubi's Food Emporium.
  9990 | D:6      | Found Innon's General Store.
 10081 | D:6      | Found Xismill's Assorted Antiques.
 11024 | D:7      | Reached XP level 9. HP: 39/39 MP: 3/18
 11361 | D:7      | Found a staircase to the Ecumenical Temple.
 11525 | D:7      | Reached *** piety under Dithmenos
 11887 | D:8      | Reached skill level 10 in Stealth
 12022 | D:8      | Noticed Pikel
 12519 | D:8      | Found a staircase to the Lair.
 13052 | D:8      | Killed Pikel
 13213 | D:8      | Found Idoad's Distillery.
 13248 | D:8      | Reached skill level 11 in Stealth
 13376 | D:8      | Reached skill level 5 in Hexes
 14965 | D:9      | Reached skill level 5 in Evocations
 14980 | D:9      | Reached XP level 10. HP: 44/44 MP: 7/20
 15198 | D:9      | Reached **** piety under Dithmenos
 16476 | D:10     | Entered Level 10 of the Dungeon
 16478 | D:10     | Reached skill level 12 in Stealth
 16481 | D:10     | Noticed a gargoyle
 16819 | D:9      | Killed a gargoyle
 18479 | D:10     | Learned a level 4 spell: Force Lance
 18833 | D:10     | Found Woedirhuppo's Weapon Boutique.
 19073 | D:10     | Reached skill level 1 in Translocations
 20382 | D:11     | Reached skill level 1 in Throwing
 20516 | D:11     | Noticed a cyan ugly thing
 20630 | D:11     | Reached XP level 11. HP: 47/47 MP: 3/23
 20876 | D:11     | Noticed an orc knight
 21177 | D:11     | Reached ***** piety under Dithmenos
 21545 | D:10     | Reached skill level 13 in Stealth
 22004 | D:11     | Noticed a green ugly thing
 22020 | D:11     | Noticed a cyan ugly thing
 22033 | D:11     | Noticed a brown ugly thing
 22269 | D:10     | Killed a white ugly thing
 22269 | D:10     | Reached skill level 5 in Invocations
 22592 | D:10     | Killed a cyan ugly thing
 22760 | D:11     | Killed a cyan ugly thing
 23311 | D:11     | Killed a brown ugly thing
 23655 | D:11     | Found Ydyorawk's Weapon Shop.
 23657 | D:11     | Found a staircase to the Orcish Mines.
 23735 | D:11     | Killed an orc knight
 24032 | D:12     | Noticed a five-headed hydra
 24040 | D:12     | Killed a five-headed hydra
 24295 | D:12     | Reached skill level 5 in Translocations
 24808 | D:12     | Found a burning altar of Makhleb.
 25338 | D:12     | Noticed Snorg
 25432 | Lair:1   | Entered Level 1 of the Lair of Beasts
 25442 | Lair:1   | Learned a level 2 spell: Slow
 25445 | Lair:1   | Learned a level 2 spell: Blink
 25771 | Lair:1   | Noticed Nergalle
 25826 | Lair:1   | Noticed Gastronok
 26218 | Lair:1   | Killed Gastronok
 26516 | Lair:1   | Reached skill level 14 in Stealth
 26566 | Lair:1   | Reached XP level 12. HP: 43/51 MP: 9/25
 27676 | D:6      | Bought a ration for 50 gold pieces
 27697 | D:6      | Bought a ration for 50 gold pieces
 27697 | D:6      | Bought a ration for 50 gold pieces
 27697 | D:6      | Bought a ration for 50 gold pieces
 27998 | Lair:2   | Noticed a five-headed hydra
 28016 | Lair:2   | Killed a five-headed hydra
 28341 | Lair:3   | Noticed an eight-headed hydra
 28395 | Lair:3   | Killed an eight-headed hydra
 29105 | Lair:3   | Learned a level 2 spell: Ensorcelled Hibernation
 29109 | Lair:3   | Learned a level 3 spell: Confuse
 30542 | Lair:3   | Found a staircase to the Swamp.
 30669 | Lair:3   | Reached skill level 10 in Dodging
 31283 | Lair:4   | Found a hole to the Spider Nest.
 32072 | Lair:4   | You fall through a shaft for 2 floors!
 32072 | Lair:6   | Entered Level 6 of the Lair of Beasts
 32072 | Lair:6   | Noticed a death yak
 32072 | Lair:6   | Noticed a death yak
 32073 | Lair:6   | Noticed a death yak
 32073 | Lair:6   | Noticed a death yak
 32073 | Lair:6   | Noticed a death yak
 32073 | Lair:6   | Noticed a death yak
 32448 | Lair:4   | Reached skill level 15 in Stealth
 32558 | Lair:5   | Noticed a death yak
 32766 | Lair:5   | Noticed a death yak
 32766 | Lair:5   | Noticed a death yak
 32775 | Lair:5   | Noticed a death yak
 32912 | Lair:4   | Killed a death yak
 33389 | Orc:1    | Entered Level 1 of the Orcish Mines
 33417 | Orc:1    | Noticed a stone giant
 33506 | D:11     | Killed a stone giant
 33829 | Orc:2    | Entered Level 2 of the Orcish Mines
 33830 | Orc:2    | Reached XP level 13. HP: 55/55 MP: 21/26
 33852 | Orc:2    | Found a staircase to the Elven Halls.
 34075 | Orc:1    | Noticed an orc warlord
 34527 | Orc:1    | HP: 1/55 [orc warrior/+0 scimitar[an orc warlord] (23)]
 34533 | Orc:1    | Killed from afar by an orc priest

Skill      XL: |  1  2  3  4  5  6  7  8  9 10 11 12 13 |
---------------+----------------------------------------+-----
Conjurations   | 3 4 5 6 7 8 |  8.4
Spellcasting   | 3 4 5 6 7 8 |  8.9
Stealth        | 4 5 6 7 8 9 11 12 14 15 | 15.2
Dodging        | 4 5 6 7 8 9 10 | 10.3
Hexes          | 1 2 3 4 5 6 7 8 |  8.1
Evocations     | 1 3 5 6 7 8 |  8.2
Invocations    | 1 2 3 4 6 7 |  7.7
Translocations | 2 6 8 9 |  9.0
Throwing       | 1 2 3 4 |  4.0

Action                   |  1- 3 |  4- 6 |  7- 9 | 10-12 | 13-15 || total
-------------------------+-------+-------+-------+-------+-------++-------
Melee: Whip              |     2 |     7 |    21 |       |       ||    30
       Unarmed           |     1 |       |       |       |       ||     1
       Staff             |       |       |    72 |     4 |       ||    76
 Fire: Hunting sling     |       |    22 |       |       |       ||    22
       Blowgun           |       |       |       |    81 |       ||    81
Throw: Tomahawk          |       |       |     2 |       |       ||     2
       Throwing net      |       |       |       |     1 |       ||     1
 Cast: Magic Dart        |    78 |   202 |   721 |  1188 |    38 ||  2227
       Searing Ray       |     1 |     1 |       |    55 |       ||    57
       Iskenderun's Myst |       |       |     6 |    36 |     5 ||    47
       Fulminant Prism   |       |       |    13 |    33 |     7 ||    53
       Force Lance       |       |       |       |    47 |     1 ||    48
       Dazzling Spray    |       |       |       |    23 |       ||    23
       Slow              |       |       |       |    36 |     3 ||    39
       Blink             |       |       |       |     1 |       ||     1
Invok: Shadow Step       |       |       |       |     2 |     2 ||     4
Evoke: Wand              |       |       |       |    19 |       ||    19
  Use: Scroll            |       |     6 |     7 |    13 |       ||    26
       Potion            |       |     1 |       |       |     1 ||     2
  Eat: Ration            |       |     1 |     6 |    13 |     1 ||    21
Armor: Robe              |       |     7 |    45 |    40 |     1 ||    93
Dodge: Dodged            |    21 |    50 |   265 |   432 |    18 ||   786
